 Dungeon Crawl Stone Soup version 0.19-a0-1341-g3513869 (webtiles) character file.

2090 Leszczynek the Basher (level 9, -3/85 HPs)
             Began as an Ogre Monk on Sept 1, 2016.
             Was a Priest of Cheibriados.
             Slain by a wolf (8 damage)
             ... led by Grum
             ... on level 8 of the Dungeon.
             The game lasted 00:13:26 (2824 turns).

Leszczynek the Basher (Ogre Monk)                   Turns: 2824, Time: 00:13:26

Health: -3/85      AC:  7    Str: 26    XL:     9   Next: 27%
Magic:  13/13      EV: 14    Int: 19    God:    Cheibriados [***...]
Gold:   129        SH:  0    Dex: 21    Spells: 1 memorised, 7 levels left

rFire  . . .     SeeInvis .     a - +0 giant club
rCold  + . .     Gourm    .     j - +2 robe {rC+}
rNeg   . . .     Faith    .     (shield currently unavailable)
rPois  .         Spirit   .     (helmet restricted)
rElec  .         Dismiss  .     i - +1 cloak
rCorr  .         Reflect  .     (gloves unavailable)
MR     .....     Harm     .     (boots unavailable)
Stlth  ++........               (no amulet)
                                (no ring)
                                (no ring)

@: very slow
A: unfitting armour, tough skin 1
a: Bend Time, Temporal Distortion, Renounce Religion


You were on level 8 of the Dungeon.
You worshipped Cheibriados.
Cheibriados was most pleased with you.
You were not hungry.

You visited 2 branches of the dungeon, and saw 9 of its levels.

You collected 207 gold pieces.
You spent 78 gold pieces at shops.

Inventory:

Hand Weapons
 a - a +0 giant club (weapon)
 b - a +0 giant spiked club
Armour
 i - a +1 cloak (worn)
 j - a +2 robe of cold resistance (worn)
Wands
 q - a wand of paralysis (9/24)
 x - a wand of lightning (3/15)
Scrolls
 h - a scroll of enchant weapon {unknown}
 l - 4 scrolls of magic mapping
 n - a scroll of amnesia {unknown}
 o - 2 scrolls of remove curse
 s - a scroll of immolation {unknown}
 t - a scroll of recharging {unknown}
 u - 3 scrolls of identify
 w - a scroll of fear
 y - a scroll of enchant armour {unknown}
Potions
 c - 3 potions of curing
 e - 2 potions of agility
 f - a potion of brilliance
 k - a potion of resistance
 m - a potion of berserk rage {unknown}
 p - 2 potions of heal wounds {unknown}
 A - a potion of invisibility {unknown}
Books
 v - a Necronomicon

   Spells                             Type                      Level
   a - Haunt                          Necromancy/Summoning         7
   b - Borgnjor's Revivification      Necromancy                   8
   c - Death's Door                   Charms/Necromancy            8
   d - Infestation                    Necromancy                   8
   e - Necromutation                  Transmutation/Necromancy     8
Comestibles
 d - 3 bread rations
 g - 2 meat rations
 r - a slice of pizza
 z - 9 fruits
 B - 9 chunks of flesh


   Skills:
 + Level 4.5 Fighting
 * Level 11.7 Maces & Flails
 + Level 5.9 Dodging
 - Level 1.5 Stealth
 - Level 5.8 Invocations


You had 7 spell levels left.
You knew the following spells:

 Your Spells              Type           Power        Failure   Level  Hunger
a - Apportation           Tloc           #.........   21%         1    ##.....


Dungeon Overview and Level Annotations

Branches:
Dungeon (8/15)             Temple (1/1) D:4
   Lair: D:8-11

Altars:
Ashenzari
Cheibriados
Dithmenos
Fedhas
Gozag
Hepliaklqana
Kikubaaqudgha
Makhleb
Nemelex Xobeh
Okawaru
Ru
Sif Muna
Trog
Uskayaw
Vehumet
Xom
Yredelemnul
Zin

Shops:
D:6 *

Annotations:
D:3 Amnesiac's ghost, amateur HOMo
D:5 1 runed door, Blork the orc


Innate Abilities, Weirdness & Mutations

You are too large for most types of armour.
You have tough skin. (AC +1)


Message History

Evoke which item? (* to show all) (? for menu, Esc to quit)
Okay, then.
Okay, then.
You feel better. The wolf misses you. x2
You barely miss the wolf. The wolf closely misses you.
You closely miss the wolf. The wolf bites you but does no damage.
The wolf closely misses you.
You closely miss the wolf. The wolf closely misses you. The wolf bites you.
* * * LOW HITPOINT WARNING * * *
You completely miss the wolf. The wolf closely misses you.
The crimson imp blinks!
You barely miss the wolf. The wolf bites you but does no damage.
The wolf bites you.
* * * LOW HITPOINT WARNING * * *
You closely miss the wolf. The wolf closely misses you. The wolf bites you.
* * * LOW HITPOINT WARNING * * *
You completely miss the wolf. The wolf barely misses you. The wolf bites you.
* * * LOW HITPOINT WARNING * * *
You completely miss the wolf. The wolf bites you!
You die...

#.<.........#......
#..............$...
#<.................
#####....#.##......
####5##...##..[...
....$...#..(......
.......h.)#.###...
..###.#h###.# ..
#.#@# .#
..#........ #.
...##.### >..## .#
.##.# .# .. #.# ..
... .. ...


You could see 2 wolves and a crimson imp.

Vanquished Creatures
  The ghost of Leszczynek the Basher, a novice OgMo of Lugonu (D:5)
  A two-headed ogre (D:8)
  Grum (D:8)
  An ice beast (D:7)
  A black bear (D:7)
  3 phantoms
  2 ogres
  A wolf (D:8)
  A necrophage (D:7)
  A water moccasin skeleton (D:8)
  A jelly (D:7)
  3 hounds
  A giant frog skeleton (D:4)
  2 orc priests
  3 orc wizards
  2 worker ants
  A hound skeleton (D:4)
  A hound zombie (D:6)
  A howler monkey zombie (D:6)
  5 gnolls
  7 adders
  2 shadow imps (D:5)
  A worm (D:3)
  3 giant geckos
  9 orcs
  2 ball pythons
  4 bats
  3 giant cockroaches
  A goblin (D:1)
  A hobgoblin (D:1)
  3 jackals (D:6)
  3 giant newts
  A jackal skeleton (D:8)
  5 kobolds
  2 rats
80 creatures vanquished.

Notes
Turn   | Place    | Note
-------+----------+-------------------------------------------
     0 | D:1      | Leszczynek the Ogre Monk began the quest for the Orb.
     0 | D:1      | Reached XP level 1. HP: 24/24 MP: 1/1
   261 | D:1      | Reached XP level 2. HP: 31/32 MP: 2/2
   392 | D:2      | Found an opulent altar of Gozag.
   393 | D:2      | Found a deep blue altar of Sif Muna.
   400 | D:2      | Found a sacrificial altar of Ru.
   462 | D:3      | Reached skill level 5 in Maces & Flails
   591 | D:2      | Reached XP level 3. HP: 33/39 MP: 3/3
   678 | D:3      | Noticed Amnesiac's ghost (amateur HOMo)
   713 | D:4      | Found a staircase to the Ecumenical Temple.
   722 | Temple   | Entered the Ecumenical Temple
   812 | Temple   | Became a worshipper of Cheibriados the Contemplative
   812 | Temple   | Reached * piety under Cheibriados
   812 | Temple   | Reached ** piety under Cheibriados
   920 | D:4      | Reached skill level 6 in Maces & Flails
   920 | D:4      | Reached XP level 4. HP: 28/48 MP: 4/4
   999 | D:4      | Noticed a phantom
  1058 | D:4      | Killed a phantom
  1058 | D:4      | Reached skill level 3 in Dodging
  1058 | D:4      | Reached skill level 1 in Invocations
  1058 | D:4      | Reached XP level 5. HP: 40/54 MP: 4/6
  1160 | D:4      | Reached skill level 7 in Maces & Flails
  1219 | D:4      | Reached skill level 2 in Invocations
  1346 | D:4      | Reached XP level 6. HP: 51/62 MP: 7/7
  1402 | D:5      | Entered Level 5 of the Dungeon
  1470 | D:5      | Noticed Leszczynek's ghost (novice OgMo)
  1499 | D:5      | Killed Leszczynek's ghost
  1499 | D:5      | Reached skill level 8 in Maces & Flails
  1499 | D:5      | Reached skill level 4 in Dodging
  1499 | D:5      | Reached skill level 3 in Invocations
  1499 | D:5      | Reached XP level 7. HP: 16/70 MP: 3/9
  1665 | D:5      | Reached skill level 9 in Maces & Flails
  1710 | D:5      | Found a runed door.
  1767 | D:5      | Noticed Blork the orc
  1819 | D:5      | Reached skill level 4 in Invocations
  1835 | D:5      | Reached XP level 8. HP: 19/78 MP: 8/11
  2063 | D:6      | Reached skill level 10 in Maces & Flails
  2069 | D:6      | Found a sparkling altar of Nemelex Xobeh.
  2118 | D:6      | Found a blossoming altar of Fedhas.
  2121 | D:6      | Found Postrifo's General Store.
  2127 | D:6      | Bought a scroll of remove curse for 36 gold pieces
  2127 | D:6      | Bought a scroll of fear for 42 gold pieces
  2188 | D:6      | Learned a level 1 spell: Apportation
  2280 | D:7      | Reached skill level 5 in Dodging
  2359 | D:7      | Found a shimmering altar of Xom.
  2362 | D:7      | Reached skill level 5 in Invocations
  2374 | D:7      | Reached *** piety under Cheibriados
  2379 | D:7      | Found a shattered altar of Ashenzari.
  2435 | D:7      | Found an ancient bone altar of Kikubaaqudgha.
  2545 | D:7      | Found a basalt altar of Yredelemnul.
  2613 | D:7      | Reached skill level 11 in Maces & Flails
  2761 | D:8      | Noticed a two-headed ogre
  2766 | D:8      | Killed a two-headed ogre
  2766 | D:8      | Reached XP level 9. HP: 82/82 MP: 13/13
  2798 | D:8      | Noticed Grum
  2806 | D:8      | Killed Grum
  2823 | D:8      | HP: 5/85 [wolf[Grum] (4)]
  2824 | D:8      | Slain by a wolf

Vault maps used:
D:1:      lightli_arrival_flooded_house
D:2:      gammafunk_temple_overflow_forgotten, uniq_terence
D:4:      first_bread
D:5:      uniq_duvessa, uniq_crazy_yiuf_cottage, uniq_blork_the_orc
D:6:      nicolae_overflow_crystal_walls, nicolae_qazlal_eye_of_the_storm,
          lemuel_round_altar, serial_shops, nicolae_shop_stone,
          serial_park_tiny_2, fedhas_altar_3, uniq_eustachio, uniq_sigmund
D:7:      kennysheep_little_box, grunt_temple_overflow_open,
          minmay_tree_intersection, minmay_misc_feat_x
D:8:      kennysheep_mini, serial_shops, shop_scrolls,
          hangedman_pestilent_swarm, uniq_grum
Temple:   compressed_dpeg_circular_temple

Skill      XL: |  1  2  3  4  5  6  7  8 |
---------------+-------------------------+-----
Maces & Flails | 5 6 7 8 9 11 | 11.7
Dodging        | 3 4 5 |  5.9
Invocations    | 1 2 3 4 5 |  5.8
Fighting       | |  4.5
Stealth        | |  1.5

Action                   |  1- 3 |  4- 6 |  7- 9 || total
-------------------------+-------+-------+-------++-------
Melee: Mace              |    74 |   103 |    10 ||   187
       Giant club        |       |       |   155 ||   155
Invok: Bend Time         |       |     2 |     2 ||     4
Evoke: Wand              |       |       |     1 ||     1
  Use: Potion            |       |     2 |     1 ||     3
       Scroll            |       |     4 |       ||     4
 Stab: Sleeping          |     2 |     1 |     2 ||     5
  Eat: Chunk             |       |     1 |       ||     1
       Bread ration      |       |       |     1 ||     1
Armor: Robe              |    42 |    14 |    49 ||   105
Dodge: Dodged            |    58 |    52 |   133 ||   243
